 Dungeon Crawl Stone Soup version bcrawl-1.19.2-6-g6a88ae04c9 (webtiles) character file.

Game seed: 1502948159055155012

314 Freyura the Cudgeler (level 6, -3/47 HPs)
             Began as a Demonspawn Gladiator on Jan 8, 2020.
             Slain by a sky beast (5 damage)
             ... on level 4 of the Dungeon.
             The game lasted 00:04:53 (2444 turns).

Freyura the Cudgeler (Demonspawn Gladiator)         Turns: 2444, Time: 00:04:54

Health: -3/47      AC:  5    Str: 14    XL:     6   Next: 19%
Magic:  6/6        EV: 14    Int:  9    God:
Gold:   175        SH:  0    Dex: 17    Spells: 5/5 levels left

rFire    . . .     SeeInvis .   a - +0 flail
rCold    . . .     Gourm    .   (no shield)
rNeg     . . .     Faith    .   b - +0 leather armour
rPois    .         Spirit   .   (helmet restricted)
rElec    .         Reflect  .   m - +0 cloak
rCorr    .         Harm     .   (no gloves)
MR       .....                  e - +0 pair of boots
Stlth    +.........             (no amulet)
HPRegen  0.15/turn              (no ring)
MPRegen  0.10/turn              (no ring)

@: no status effects
A: claws 1, horns 1
a: no special abilities


You were on level 4 of the Dungeon.
You were not hungry.

You visited 1 branch of the dungeon, and saw 4 of its levels.

You collected 175 gold pieces.

Inventory:

Hand Weapons
 a - a +0 flail (weapon)
Missiles
 d - 3 throwing nets (quivered) {!f}
Armour
 b - a +0 leather armour (worn)
 e - a +0 pair of boots (worn)
 m - a +0 cloak (worn)
Scrolls
 g - a scroll of remove curse
 i - 2 scrolls of fog
 k - 2 scrolls of teleportation
Potions
 c - 2 potions of flight {unknown}
 h - a potion of berserk rage {unknown}
 j - a potion of agility {unknown}
 n - 3 potions of curing {unknown}
Comestibles
 f - 4 rations {!d}


   Skills:
 + Level 3.4 Fighting
 * Level 4.5 Maces & Flails
 - Level 1.7 Throwing
 + Level 2.2 Armour
 + Level 3.7 Dodging


You had 5 spell levels left.
You didn't know any spells.
Your spell library was empty.

Dungeon Overview and Level Annotations

Branches:
Dungeon (4/12)
 Temple: D:4-7

Altars:
Nemelex Xobeh
Okawaru

Annotations:
D:3 2 transporters


Innate Abilities, Weirdness & Mutations

You have sharp fingernails.
You have a pair of small horns on your head.


Message History

The sky beast is moderately wounded.
The iguana barely misses you. The sky beast misses you.
You hit the sky beast.
You headbutt the sky beast, but do no damage.
The sky beast is heavily wounded.
The iguana barely misses you. The sky beast misses you.
You closely miss the sky beast.
The sky beast is heavily wounded.
The iguana bites you!
* * * LOW HITPOINT WARNING * * *
The sky beast flickers out of sight!
Deactivating autopickup; reactivate with Ctrl-A.
Something hits you.
* * * LOW HITPOINT WARNING * * *
Something shocks you.
* * * LOW HITPOINT WARNING * * *
You miss something. The iguana barely misses you. Something hits you.
* * * LOW HITPOINT WARNING * * *
Something shocks you.
You die...

### #.## ##<.###
#####.....##
#{@....$.....#
......l.#..........
..^..####....#.....
.... #...#......
.#. #...#...?.. #
#..........
#........ .!.....


You could see an iguana.

Vanquished Creatures
  Sigmund (D:3)
  2 crimson imps
  Jessica (D:3)
  2 adders
  A worm (D:3)
  A leopard gecko (D:2)
  An orc (D:3)
  3 bats
  2 giant cockroaches
  7 goblins
  3 hobgoblins
  3 jackals (D:3)
  3 quokkas
  A ball python (D:2)
  2 frilled lizards (D:3)
  5 kobolds
  5 rats
43 creatures vanquished.

Notes
Turn   | Place    | Note
-------+----------+-------------------------------------------
     0 | D:1      | Freyura the Demonspawn Gladiator began the quest for the
                  | Orb.
     0 | D:1      | Reached XP level 1. HP: 16/16 MP: 1/1
   384 | D:1      | Gained mutation: You have a pair of small horns on your
                  | head. [demonic ancestry]
   384 | D:1      | Reached XP level 2. HP: 22/22 MP: 2/2
   507 | D:2      | Reached skill level 3 in Maces & Flails
   777 | D:2      | Noticed a crimson imp
   782 | D:2      | Killed a crimson imp
   782 | D:2      | Reached skill level 1 in Armour
   782 | D:2      | Reached XP level 3. HP: 26/28 MP: 3/3
  1334 | D:3      | Found a sparkling altar of Nemelex Xobeh.
  1341 | D:3      | Found an iron altar of Okawaru.
  1343 | D:3      | Reached XP level 4. HP: 31/34 MP: 4/4
  1473 | D:3      | Noticed a kobold demonologist
  1475 | D:3      | Found a transporter.
  1542 | D:3      | Noticed Jessica
  1548 | D:3      | Killed Jessica
  1548 | D:3      | Gained mutation: You have sharp fingernails. [demonic
                  | ancestry]
  1548 | D:3      | Reached XP level 5. HP: 32/40 MP: 5/5
  1827 | D:3      | Found a faded altar of an unknown god.
  1865 | D:3      | Noticed Sigmund
  1880 | D:3      | Killed Sigmund
  1880 | D:3      | Reached skill level 4 in Maces & Flails
  1880 | D:3      | Reached XP level 6. HP: 4/47 MP: 6/6
  2185 | D:3      | Found a transporter.
  2432 | D:4      | Noticed a sky beast
  2444 | D:4      | HP: 2/47 [something (4)]
  2444 | D:4      | Slain by a sky beast

Skill      XL: |  1  2  3  4  5 |
---------------+----------------+-----
Maces & Flails | 3 4 |  4.5
Armour         | 1 2 |  2.2
Dodging        | 3 |  3.7
Fighting       | 3 |  3.4
Throwing       | |  1.7

Action                   |  1- 3 |  4- 6 || total
-------------------------+-------+-------++-------
Melee: Flail             |    57 |    70 ||   127
       Headbutt          |    10 |    12 ||    22
  Use: Scroll            |     5 |       ||     5
       Potion            |       |     1 ||     1
 Stab: Sleeping          |     1 |     4 ||     5
  Eat: Chunk             |     1 |     4 ||     5
Armor: Leather armour    |    22 |    20 ||    42
Dodge: Dodged            |    41 |    50 ||    91
